 Dungeon Crawl Stone Soup version 0.28.0 (webtiles) character file.

Game seed: 10416784196783938616

1 Kalagan26 the Sneak (level 1, 0/13 HPs)
             Began as a Vampire Enchanter on Feb 18, 2022.
             Slain by a quokka (2 damage)
             ... on level 1 of the Dungeon.
             The game lasted 00:00:50 (22 turns).

Kalagan26 the Sneak (Vampire Enchanter)               Turns: 22, Time: 00:00:51

Health: 0/13       AC:  2    Str:  7    XL:     1   Next: 16%
Magic:  3/3        EV: 12    Int: 17    God:
Gold:   0          SH:  0    Dex: 14    Spells: 4/4 levels left

rFire   . . .      SeeInvis +   a - +1 dagger
rCold   . . .      Faith    .   (no shield)
rNeg    . . .      Spirit   .   b - +0 robe
rPois   .          Reflect  .   (no helmet)
rElec   .          Harm     .   (no cloak)
rCorr   .          Rampage  .   (no gloves)
Will    .....                   (no boots)
Stlth   +++.......              (no amulet)
HPRegen 0.24/turn               (no ring)
MPRegen 0.08/turn               (no ring)

@: healing quickly
A: alive, fangs 3, see invisible, vampiric 1
a: Exsanguinate


You were on level 1 of the Dungeon.
You visited 1 branch of the dungeon, and saw 1 of its levels.

Inventory:

Hand Weapons
 a - a +1 dagger (weapon)
Armour
 b - a +0 robe (worn)
Potions
 c - a potion of invisibility


   Skills:
 * Level 1.1 Short Blades
 + Level 2.2 Dodging
 * Level 4.5 Stealth
 * Level 2.0 Spellcasting
 - Level 4.4 Hexes


You had 4 spell levels left.
You didn't know any spells.
Your spell library contained the following spells:

 Spells                   Type           Power      Damage    Failure   Level
 Confusing Touch          Hex            16%        N/A       10%         3
 Tukima's Dance           Hex            16%        N/A       10%         3
 Ensorcelled Hibernation  Hex/Ice        18%        N/A       12%         2
 Dazzling Flash           Conj/Hex       18%        N/A       24%         3


Dungeon Overview and Level Annotations

Branches:
Dungeon (1/15)

Altars:


Innate Abilities, Weirdness & Mutations

Your natural rate of healing is accelerated.
You have razor-sharp teeth.
You have supernaturally acute eyesight. (SInv)
You are afflicted with vampirism.


Message History

The goblin is heavily wounded.
A goblin comes into view. It is wielding a +0 dagger.
The goblin barely misses you.
The goblin shouts!
You hit the goblin.
You kill the goblin!
You hear an angry hiss.
The quokka closely misses you.
You closely miss the quokka. The quokka closely misses you.
You barely miss the quokka. You bite the quokka.
The quokka is lightly wounded.
The quokka barely misses you.
You hit the quokka but do no damage.
The quokka is lightly wounded.
The quokka bites you.
You closely miss the quokka.
The quokka is lightly wounded.
The quokka bites you but does no damage.
You hit the quokka. You punch the quokka, but do no damage.
The quokka is moderately wounded.
The quokka bites you.
You barely miss the quokka.
The quokka is moderately wounded.
The quokka bites you. The quokka closely misses you.
You hit the quokka but do no damage.
The quokka is moderately wounded.
The quokka misses you.
The quokka twitches its whiskers.
You closely miss the quokka.
The quokka is moderately wounded.
The quokka barely misses you.
You closely miss the quokka.
The quokka is moderately wounded.
The quokka bites you.
* * * LOW HITPOINT WARNING * * *
You closely miss the quokka.
The quokka is moderately wounded.
The quokka bites you but does no damage.
The quokka bites you.
You die...

. .. ### ... #..
.... #.# .....
#.##♣
......##@..#####
.....gSr........
###...##...#####
###.##.###
#.....#######
#..##.#.#.#.##
#... ##.#.#.#.#
#.# #.#.#.#.# #.
..#.#.#.#


You could see a quokka, a goblin and a ball python.

Vanquished Creatures
  A goblin (D:1)
1 creature vanquished.

Notes
Turn   | Place    | Note
-------+----------+-------------------------------------------
     0 | D:1      | Kalagan26 the Vampire Enchanter began the quest for the
                  | Orb.
     0 | D:1      | Reached XP level 1. HP: 13/13 MP: 3/3
    22 | D:1      | Slain by a quokka

Illustrated notes

Levels and vault maps discovered:
D:1:      lightli_arrival_chessboard, layout_basic, serial_forest,
          infiniplex_forest_straight_2, infiniplex_forest_lined_3_way,
          infiniplex_forest_lined_room_, infiniplex_forest_clump_curved,
          infiniplex_forest_clump_double, infiniplex_forest_lined_room_2,
          infiniplex_forest_lined_corner, infiniplex_forest_lined_2,
          infiniplex_forest_lined_4_way, infiniplex_forest_diagonal,
          shapermc_ecumenical_altar_ellora

Action                   || total
-------------------------++-------
Melee: Dagger            ||    14
       Punch             ||     1
       Bite              ||     1
Armor: Robe              ||     3
Dodge: Dodged            ||     7
